 Dungeon Crawl Stone Soup version 0.32-a0-656-g3542139ebd (webtiles) character file.

Game seed: 12677146142503173481

75197 inmateoo the Nimble (level 15, 0/122 HPs)
             Began as a Coglin Berserker on Mar 9, 2024.
             Was an Elder of Trog.
             Slain by an orc
             ... wielding a +0 club
              (3 damage)
             ... on level 1 of the Orcish Mines.
             The game lasted 00:22:04 (28248 turns).

inmateoo the Nimble (Coglin Berserker)             Turns: 28248, Time: 00:22:05

Health: 0/122      AC: 13    Str: 25    XL:     15   Next: 49%
Magic:  15/15      EV: 17    Int: 10    God:    Trog [****..]
Gold:   2209       SH:  0    Dex: 15    Spells: 14/14 levels left

rFire   + . .        y - +1 spear (venom) {Agustín}
rCold   + . .        D - +4 trident (heavy) {Sarina}
rNeg    . . .        v - +0 scale mail
rPois   +            z - +1 helmet of Amorality {Str+2 Int+3}
rElec   +            F - scarf {rC+ rF+}
rCorr   +            j - +0 pair of gloves
SInv    .            (no boots)
Will    +....        (amulet unavailable) Stlth
                     (ring unavailable)
HPRegen 0.40/turn    (ring unavailable)
MPRegen 0.14/turn    J - reticulated core {Gadgeteer, rElec rPois rCorr}

%: no passive effects
@: on berserk cooldown, slowed, very slow
A: off-hand wielding, slow wielding, warmup strikes, no jewellery
a: Renounce Religion, Berserk, Trog's Hand, Brothers in Arms


You were on level 1 of the Orcish Mines.
You worshipped Trog.
Trog was greatly pleased with you.
You visited 3 branches of the dungeon, and saw 21 of its levels.

You collected 2248 gold pieces.
You spent 39 gold pieces at shops.

Inventory:

Hand Weapons
 l - a +3 whip of electrocution {Bunsong}
 y - a +1 spear of venom (weapon) {Agustín}
 D - a +4 heavy trident (offhand) {Sarina}
Missiles
 r - 5 throwing nets (quivered)
Armour
 j - a +0 pair of gloves (worn)
 v - a +0 scale mail (worn)
 z - the +1 helmet of Amorality (worn) {Str+2 Int+3}
   (You found it on level 12 of the Dungeon)

   Str+2:     It affects your strength (+2).
   Int+3:     It affects your intelligence (+3).
 F - a scarf of resistance (worn)
 L - the +1 chain mail "Kaetur" {*Corrode rC+ Will+ Dex+4}
   (You found it on level 4 of the Lair of Beasts)

   Dex+4:     It affects your dexterity (+4).
   rC+:       It protects you from cold.
   Will+:     It increases your willpower.
   *Corrode:  It may corrode you when you take damage.
Gizmo
 J - a reticulated core (installed) {Gadgeteer, rElec rPois rCorr}
   (You invented it yourself on level 3 of the Lair of Beasts)

   [reticulated core]

   Gadgeteer: Your evocable items recharge 30% faster and wands have a 30%
   chance to not spend a charge.
   rElec:     It insulates you from electricity.
   rPois:     It protects you from poison.
   rCorr:     It protects you from acid and corrosion.
Wands
 n - a wand of paralysis (3)
 A - a wand of warping (4)
 B - a wand of mindburst (19)
 C - a wand of acid (14)
 G - a wand of polymorph (5)
 I - a wand of digging (13)
 N - a wand of flame (9)
Scrolls
 a - 4 scrolls of fog
 d - 3 scrolls of vulnerability
 g - 4 scrolls of poison
 o - 3 scrolls of enchant armour
 p - 4 scrolls of identify
 s - 5 scrolls of enchant weapon
 w - 3 scrolls of teleportation
 x - 2 scrolls of butterflies
 E - 3 scrolls of revelation
 H - a scroll of brand weapon
 M - 2 scrolls of fear
 O - a scroll of acquirement
 P - a scroll of immolation
Potions
 b - a potion of cancellation
 c - 4 potions of magic
 e - 3 potions of invisibility
 f - 3 potions of resistance
 h - 2 potions of attraction
 i - a potion of heal wounds
 k - 2 potions of ambrosia
 m - 6 potions of curing
 q - 3 potions of mutation
 t - 5 potions of enlightenment
 u - 2 potions of haste


   Skills:
 + Level 12.7 Fighting
 - Level 10.9(15.0) Axes
 - Level 14.0(15.2) Maces & Flails
 * Level 6.3(9.0) Polearms
 + Level 11.5 Armour
 + Level 14.4 Dodging


You had 14 spell levels left.
You didn't know any spells.
Your spell library was empty.

Dungeon Overview and Level Annotations

Branches:
Dungeon (15/15)            Temple (0/1) D:7            Lair (5/5) D:9
 Shoals (0/4) Lair:2       Spider (0/4) Lair:3        Slime (0/5) Lair:4
    Orc (1/2) D:12         Vaults (0/5) D:13         Depths (0/4) D:15

Altars:
Ashenzari
Cheibriados
Elyvilon
Fedhas
Gozag
Hepliaklqana
Okawaru
Qazlal
Sif Muna
Trog
Wu Jian
Xom
Zin
Jiyva

Shops:
D:11 =([*   Orc:1 ?

Portals:
Trove: D:10 (give +3 gold dragon scales)


Innate Abilities, Weirdness & Mutations

You can wield a second weapon in your off-hand.
It takes a long time for you to wield or remove held weapons.
Your first few attacks do less damage.
You cannot equip rings or amulets.


Message History

The orc warlord roars a battlecry!
The orc warrior goes into a battle-frenzy!
You reach to attack!
You barely miss the orc warrior with your +1 spear of venom.
You impale the orc warrior with your +4 heavy trident!!
The orc warrior closely misses you.
You hit the orc warrior with your +1 spear of venom.
The orc warrior is poisoned.
The orc warrior is almost dead.
You hit the orc warrior but do no damage.
The orc warrior closely misses you.
You fail to use your ability.
The orc warrior hits you with a +0 scimitar!!
The orc warlord hits you with a +2 great sword of flaming!!
The orc warlord burns you. Trog accepts your kill.
You feel a bit more experienced.
The orc warlord attacks as it pursues you!
The orc warlord hits you with a +2 great sword of flaming!
The orc warlord burns you.
You fail to use your ability.
The orc warlord hits you with a +2 great sword of flaming!
* * * LOW HITPOINT WARNING * * *
The orc warlord burns you.
* * * LOW HITPOINT WARNING * * *
The orc warlord hits you with a +2 great sword of flaming!!
* * * LOW HITPOINT WARNING * * *
The orc warlord burns you.
* * * LOW HITPOINT WARNING * * *
Unknown command.
Blink to where?
Press: ? - help, Dir - move target
As you read the scroll of blinking, it crumbles to dust.
As you read the scroll of teleportation, it crumbles to dust.
You feel strangely unstable.
Your surroundings suddenly seem different.
An orc warrior and 2 orcs come into view.
The orc warrior shouts!
The orc shouts!
You hear a shout! x2
The orc hits you with a +0 club.
You die...

...#.. #. .....
... ....###...
##.........
#..........
##.##..........
........o......
....o..@.......
.#.............
#.##...........
.............
...............
...............
#..............
#..o...........


You could see an orc warrior and 2 orcs.

Vanquished Creatures
  An emperor scorpion (D:15)
  Snorg (D:12)
  Erolcha (D:10)
  2 hydras (Lair:2)
  An ogre mage (D:15)
  4 boulder beetles
  4 catoblepae
  5 two-headed ogres
  The ghost of Konar the Skirmisher, a journeyman CoHu of Hepliaklqana (D:9)
  5 centaur warriors
  9 death yaks
  A skyshark (Lair:4)
  A fire crab (shapeshifter) (D:13)
  A lindwurm (Lair:2)
  2 orc knights
  3 deep elf pyromancers
  11 ugly things
  A salamander (D:15)
  3 cyclopes
  A wolf spider (D:15)
  4 manticores
  3 elephants (Lair:4)
  3 black mambas
  2 kobold blastminers (Orc:1)
  A water nymph (D:15)
  A guardian serpent (shapeshifter) (D:12)
  2 spectral centaurs (D:9)
  A gargoyle (D:13)
  A centaur zombie (D:9)
  9 slime creatures
  Jeremiah (D:8)
  14 cane toads
  11 komodo dragons
  A rime drake (Lair:2)
  An unseen horror (D:11)
  A queen bee (shapeshifter) (D:15)
  The ghost of JaaP the Cudgeller, an amateur MDMo (D:4)
  6 trolls
  A polar bear (Lair:5)
  20 blink frogs
  5 dream sheep (Lair:3)
  3 shadows
  A centaur simulacrum (D:9)
  A spriggan (shapeshifter) (D:13)
  3 wyverns
  2 wraiths
  41 yaks
  A vampire (D:12)
  A basilisk (D:9)
  A steam dragon (D:9)
  Eustachio (D:5)
  2 redbacks (Lair:3)
  16 vampire mosquitoes
  5 acid dragons
  Duvessa (D:7)
  12 water moccasins
  12 orc warriors
  4 black bears
  A sky beast (D:6)
  2 ice beasts
  3 laughing skulls
  6 ogres
  A tengu (shapeshifter) (D:15)
  10 centaurs
  A phantom (D:5)
  4 kobold brigands
  3 bullfrogs
  2 gnoll sergeants (D:10)
  3 scorpions
  6 wights
  Dowan (D:7)
  11 killer bees
  4 howler monkeys
  2 electric eels
  A bombardier beetle (D:5)
  3 gnoll boudas
  5 hounds
  8 orc priests
  Crazy Yiuf (D:7)
  A jelly (D:6)
  A boggart zombie (D:9)
  An iguana (D:4)
  17 orc wizards
  11 hell rats
  8 adders
  17 gnolls
  2 shadow imps
  A white imp (D:5)
  4 ufetubi (D:6)
  3 dart slugs
  4 ribbon worms
  42 orcs
  5 ball pythons
  12 endoplasms
  A giant cockroach (D:1)
  4 hobgoblins
  3 jackals (D:5)
  3 quokkas
  4 bats
  6 frilled lizards
  4 goblins
  29 kobolds
  3 rats
518 creatures vanquished.

Vanquished Creatures (collateral kills)
  An ironbound preserver (D:13)
  A dire elephant (D:15)
  A hydra (Lair:2)
  A two-headed ogre (D:13)
  A boulder beetle (D:13)
  A death yak (Lair:5)
  An ugly thing (D:13)
  A laughing skull (D:13)
  A centaur (D:13)
9 creatures vanquished.

Grand Total: 527 creatures vanquished

Notes
Turn   | Place    | Note
-------+----------+-------------------------------------------
     0 | D:1      | inmateoo the Coglin Berserker began the quest for the Orb.
     0 | D:1      | Reached XP level 1. HP: 18/18 MP: 1/1
   157 | D:1      | Reached XP level 2. HP: 16/24 MP: 2/2
   666 | D:1      | Found a faded altar of an unknown god.
   890 | D:2      | Reached XP level 3. HP: 29/29 MP: 3/3
  1059 | D:2      | Reached ** piety under Trog
  1528 | D:3      | Reached XP level 4. HP: 31/35 MP: 4/4
  1659 | D:3      | Found a blossoming altar of Fedhas.
  1782 | D:3      | Found an ornate altar of the Wu Jian Council.
  1859 | D:3      | Found a white marble altar of Elyvilon.
  2411 | D:4      | Reached XP level 5. HP: 33/41 MP: 5/5
  2519 | D:4      | Reached XP level 6. HP: 35/48 MP: 6/6
  2636 | D:4      | Noticed a wyvern
  2642 | D:4      | Killed a wyvern
  2643 | D:4      | Reached skill level 5 in Axes
  2818 | D:4      | Reached XP level 7. HP: 54/54 MP: 7/7
  2871 | D:4      | Found a bloodstained altar of Trog.
  2905 | D:4      | Found a runed translucent door.
  2905 | D:4      | Noticed JaaP's ghost (amateur MDMo)
  2966 | D:4      | Reached *** piety under Trog
  3398 | D:4      | Killed JaaP's ghost
  3441 | D:5      | Entered Level 5 of the Dungeon
  3461 | D:5      | Reached XP level 8. HP: 61/61 MP: 8/8
  3558 | D:5      | Reached skill level 5 in Fighting
  3630 | D:5      | Noticed Eustachio
  3638 | D:5      | Killed Eustachio
  4164 | D:5      | Found a stormy altar of Qazlal.
  4164 | D:5      | Found a shimmering altar of Xom.
  4452 | D:5      | Identified a scroll of acquirement
  4452 | D:5      | Acquired a manual of Dodging
  4673 | D:6      | Reached skill level 5 in Dodging
  4675 | D:6      | Reached XP level 9. HP: 69/69 MP: 9/9
  5019 | D:6      | Reached skill level 5 in Armour
  5036 | D:6      | Reached **** piety under Trog
  5461 | D:7      | Noticed Dowan
  5461 | D:7      | Noticed Duvessa
  5470 | D:7      | Killed Dowan
  5472 | D:7      | Killed Duvessa
  5652 | D:7      | Found a runed translucent door.
  5653 | D:7      | Noticed Crazy Yiuf
  5952 | D:7      | Found a staircase to the Ecumenical Temple.
  6457 | D:7      | Killed Crazy Yiuf
  7183 | D:8      | Noticed Jeremiah
  7212 | D:8      | Killed Jeremiah
  7213 | D:8      | Reached XP level 10. HP: 59/77 MP: 10/10
  8118 | D:9      | Reached skill level 10 in Axes
  8189 | D:9      | Noticed a death yak
  8202 | D:9      | Killed a death yak
  8491 | D:9      | Found a staircase to the Lair.
  8614 | D:9      | Found a runed translucent gate.
  8615 | D:9      | Found a runed translucent gate.
  8615 | D:9      | Noticed a spectral centaur warrior
  8616 | D:9      | Found a runed translucent gate.
  8618 | D:9      | Noticed Konar's ghost (journeyman CoHu)
  8619 | D:9      | Noticed a spectral centaur warrior
  9053 | D:9      | Reached XP level 11. HP: 81/85 MP: 11/11
  9200 | D:9      | Reached ***** piety under Trog
  9439 | D:9      | Killed Konar's ghost
  9719 | D:10     | Entered Level 10 of the Dungeon
 10247 | D:10     | Found a hazy altar of Hepliaklqana.
 10250 | D:10     | Found a snail-covered altar of Cheibriados.
 10253 | D:10     | Found an iron altar of Okawaru.
 10254 | D:10     | Found an opulent altar of Gozag.
 10257 | D:10     | Found a glowing silver altar of Zin.
 10258 | D:10     | Found a shimmering blue altar of Sif Muna.
 10362 | D:10     | Noticed Erolcha
 10370 | D:10     | Killed Erolcha
 10371 | D:10     | Reached skill level 5 in Maces & Flails
 10666 | D:10     | Found a portal to a secret trove of treasure.
 11345 | D:11     | Found Fulog Serchi's Antique Weapon Emporium.
 11398 | D:11     | Found Kasuus's General Store.
 11413 | D:11     | Found Ygowk's Antique Armour Boutique.
 11457 | D:11     | Found Poetoime's Jewellery Emporium.
 12049 | D:11     | Reached skill level 10 in Dodging
 12661 | D:12     | Identified the +1 helmet of Amorality {Str+2 Int+3}
 12678 | D:12     | Noticed Snorg
 12688 | D:12     | Killed Snorg
 12689 | D:12     | Reached XP level 12. HP: 57/95 MP: 12/12
 12817 | D:12     | Noticed a two-headed ogre
 12823 | D:12     | Killed a two-headed ogre
 12958 | D:12     | Noticed a centaur warrior
 12967 | D:12     | Killed a centaur warrior
 13637 | D:12     | Noticed a boulder beetle
 13647 | D:12     | Killed a boulder beetle
 14052 | D:12     | Found a staircase to the Orcish Mines.
 14439 | D:13     | Reached skill level 10 in Maces & Flails
 14596 | D:13     | Noticed a centaur warrior
 14596 | D:13     | Noticed a catoblepas
 14608 | D:13     | Killed a centaur warrior
 14850 | D:13     | Noticed a centaur warrior
 14864 | D:13     | Killed a catoblepas
 15022 | D:13     | Killed a centaur warrior
 15262 | D:13     | Reached skill level 10 in Fighting
 15345 | D:13     | Noticed a two-headed ogre
 15346 | D:13     | Noticed an ironbound preserver
 15347 | D:13     | Found a gate to the Vaults.
 15376 | D:13     | Killed an ironbound preserver
 15379 | D:13     | Killed a two-headed ogre
 15380 | D:13     | Reached XP level 13. HP: 56/103 MP: 13/13
 16374 | Lair:1   | Entered Level 1 of the Lair of Beasts
 19358 | Lair:2   | Found a staircase to the Shoals.
 19734 | Lair:2   | Reached skill level 10 in Armour
 20486 | Lair:3   | Reached XP level 14. HP: 113/113 MP: 14/14
 20486 | Lair:3   | Acquired a reticulated core {Gadgeteer, rElec rPois rCorr}
 21025 | Lair:3   | Found a hole to the Spider Nest.
 21174 | Lair:3   | Identified the +5 falchion of Proximity {speed, rC- Str+3
                  | Int+5}
 21180 | Lair:3   | You fall into a shaft and drop 2 floors!
 21180 | Lair:5   | Entered Level 5 of the Lair of Beasts
 22229 | Lair:4   | Found a viscous altar of Jiyva.
 22229 | Lair:4   | Found a staircase to the Slime Pits.
 22260 | Lair:4   | Identified the +1 chain mail "Kaetur" {*Corrode rC+ Will+
                  | Dex+4}
 23677 | Lair:5   | Reached skill level 1 in Polearms
 24559 | Lair:5   | HP: 8/172 [death yak (22)]
 24560 | Lair:5   | HP: 2/172 [manticore (6)]
 25675 | D:14     | Found a broken altar of Ashenzari.
 26102 | D:14     | You fall into a shaft and drop 1 floor!
 26102 | D:15     | Entered Level 15 of the Dungeon
 26116 | D:15     | Reached XP level 15. HP: 121/121 MP: 15/15
 26198 | D:15     | Reached skill level 5 in Polearms
 27312 | D:15     | Noticed an emperor scorpion
 27320 | D:15     | Killed an emperor scorpion
 27514 | D:15     | Found a staircase to the Depths.
 28095 | Orc:1    | Entered Level 1 of the Orcish Mines
 28096 | Orc:1    | Found Mumaitzi's Magic Scroll Boutique.
 28123 | Orc:1    | Bought a scroll of teleportation for 39 gold pieces
 28238 | Orc:1    | Noticed an orc warlord
 28245 | Orc:1    | HP: 4/122 [orc warlord/+2 great sword of flaming (27)]
 28245 | Orc:1    | HP: 1/122 [orc warlord/+2 great sword of flaming (3)]
 28248 | Orc:1    | Slain by an orc

Illustrated notes

Levels and vault maps discovered:
D:1:      dpeg_arrival_three_bigger_balls, layout_loops_ring,
          hellmonk_ecumenical_altar_leap_of_faith, serial_bayou_lake_a
D:2:      layout_rooms, moated_statue, palyth_stone_intersect,
          hangedman_decor_push, hex_medium
D:3:      layout_basic, nzn_wu_jian_council_hall,
          mainiacjoe_overflow_six_doors_small, nicolae_overflow_crystal_walls
D:4:      layout_basic, lemuel_doored_altar, hellmonk_ghost_happy_afterlife
D:5:      layout_loops_ring, gammafunk_temple_overflow_elements,
          minmay_misc_feat_tiny, minmay_gold_behind_fungi, uniq_eustachio
D:6:      layout_basic
D:7:      layout_loops_ring, minmay_temple_entry_stoned_glass,
          amcnicky_mini_rare_corridor_liquid, mrwooster_statue_mirror,
          serial_bayou_lagoon_a, uniq_duvessa, uniq_crazy_yiuf_cottage
D:8:      layout_cave_pods, enter_bailey_1, feat_on_display, uniq_jeremiah
D:9:      layout_stronghold, david_lair_generic, gammafunk_ghost_necromancy,
          minmay_circle_x
D:10:     layout_roguey, minitemple, trove_entry_hex_spiral, uniq_erolcha
D:11:     layout_irregular_city, serial_shops, shop, nicolae_shop_behind_doors,
          nicolae_shop_waterfront, shop
D:12:     layout_roguey, hiddenorc1_lemuel, uniq_snorg
D:13:     layout_roguey, skrybe_vaults_entry_preservation, st_stairs_10
D:14:     layout_cave_pods, evilmike_ruin_ashenzari
D:15:     hangedman_depths_entry_try_elsewhere_first, layout_rooms,
          nicolae_wwwww
Lair:1:   layout_cave_pods
Lair:2:   layout_chaotic_city, mainiacjoe_shoals_entry_four_pools
Lair:3:   layout_loops_ring, spider_nest_entry_rubble,
          infiniplex_staircase_pool, serial_bayou_shore_a
Lair:4:   layout_roguey, slime_entry_1
Lair:5:   evilmike_catoblepas_cave, layout_cave_pods,
          infiniplex_staircase_pool_2, serial_bayou_shore_b,
          serial_bayou_shore_b
Orc:1:    orc_temple, layout_caves, serial_shops, shop,
          nicolae_orc_stony_grotto, uniq_maurice

Skill      XL: |  1  2  3  4  5  6  7  8  9 10 11 12 13 14 15 |
---------------+----------------------------------------------+-----
Armour         | 2 3 4 5 6 8 9 10 11 | 11.5
Dodging        | 2 3 5 7 8 10 12 13 14 | 14.4
Axes           | 4 5 6 7 9 10 | 10.9
Fighting       | 4 5 6 7 9 10 11 12 | 12.7
Maces & Flails | 7 11 13 14 | 14.0
Polearms       | 4 6 |  6.3

Action                     |  1- 3 |  4- 6 |  7- 9 | 10-12 | 13-15 || total
---------------------------+-------+-------+-------+-------+-------++-------
  Melee: Hand axe          |    98 |   103 |     1 |       |       ||   202
         Dagger            |    38 |       |       |       |       ||    38
         Whip              |       |    10 |   210 |   157 |       ||   377
         Mace              |       |       |   205 |    14 |       ||   219
         Trident           |       |       |       |   380 |   709 ||  1089
         Spear             |       |       |       |   186 |   655 ||   841
 Invoke: Berserk           |       |     2 |     7 |    12 |    20 ||    41
         Trog's Hand       |       |       |     1 |       |     1 ||     2
         Brothers in Arms  |       |       |       |     1 |     5 ||     6
Ability: Invent Gizmo      |       |       |       |       |     1 ||     1
  Evoke: Wand              |       |       |       |       |     2 ||     2
    Use: Scroll            |     7 |       |     9 |    15 |     3 ||    34
         Potion            |       |       |       |     1 |     1 ||     2
   Stab: Distracted        |       |       |       |       |     1 ||     1
 Armour: Animal skin       |    19 |       |       |       |       ||    19
         Ring mail         |    25 |    46 |    76 |       |       ||   147
         Scale mail        |       |       |    72 |   375 |   496 ||   943
  Dodge: Dodged            |    38 |    36 |   130 |   310 |   531 ||  1045

Table legend: (Time is in decaauts)
 A = Elapsed time spent in this place.
 B = Non-inter-level travel time spent in this place.
 C = Inter-level travel time spent in this place.
 D = Time resting spent in this place.
 E = Time spent auto-exploring this place.
 F = Levels seen in this place.
 G = Mean time per level.
                   A        B        C        D        E       F      G
               +--------+--------+--------+--------+--------+-----+--------+
         Total |  28789 |  27637 |   1152 |  12113 |  11780 |  21 | 1370.9 |
       Dungeon |  19247 |  18413 |    834 |   7099 |   8755 |  15 | 1283.1 |
          Lair |   9389 |   9073 |    316 |   5011 |   2962 |   5 | 1877.8 |
  Orcish Mines |    152 |    152 |      0 |      3 |     63 |   1 |  152.0 |
               +--------+--------+--------+--------+--------+-----+--------+

Top non-repeatable levels by time:
  Lair:5: 2647 daAuts
  Lair:2: 2209 daAuts
     D:9: 2167 daAuts
    D:12: 2143 daAuts
    D:13: 1872 daAuts
  Lair:1: 1742 daAuts
    D:10: 1578 daAuts
  Lair:4: 1574 daAuts
    D:15: 1503 daAuts
    D:11: 1385 daAuts
     D:7: 1286 daAuts
  Lair:3: 1215 daAuts
     D:4: 1122 daAuts
     D:5: 1077 daAuts
     D:8: 960 daAuts
